AoeStats
← xr0015

Arabia

508908143Analyzed
1v1 RM · 7d ago on Sep 24, 2026· 30m 26s· 2 players
Game mode
Random Map
Map size
Tiny (2 player)
Population
200
Speed
Normal
Resources
Standard
Victory
Conquest
Starting age
Dark Age
Ending age
Imperial Age
RankedLock teamsTeams togetherTeam positionsShared explorationLock speedFull tech treeHidden civsTurbo modeCheats
Victory
Defeat
🇧🇷 Romans · Brazil
941
+16
🇬🇧 Armenians · United Kingdom
932
-16
ahmedkhaledaljaberi
7:07 Loom
9:44 Feudal Age
10:01 Man-at-Arms
10:57 Long Swordsman
11:52 Arson
29:17 Castle Age
28:45 Fletching
28:56 Padded Archer Armor
xr0015
10:52 Feudal Age
11:26 Horse Collar
11:19 Man-at-Arms
12:57 Scale Mail Armor
12:55 Loom
20:22 Castle Age
19:42 Forging
19:41 Stone Mining
22:13 Long Swordsman
23:09 Chain Mail Armor
Connection lost

Rejoining the realm…

Still unreachable

The connection could not be restored.

Session expired

The server has moved on; the page needs a fresh start.